 Dungeon Crawl Stone Soup version 0.25.1-2-g60ff931df9 (webtiles) character file.

Game seed: 17188163096644800854

56 Atelerd the Stinger (level 3, 0/21 HPs)
             Began as an Octopode Venom Mage on July 29, 2020.
             Was an Initiate of Sif Muna.
             Slain by an adder (1 damage)
             ... on level 2 of the Dungeon.
             The game lasted 00:02:09 (2590 turns).

Atelerd the Stinger (Octopode Venom Mage)           Turns: 2590, Time: 00:02:10

Health: 0/21       AC:  1    Str:  7    XL:     3   Next: 97%
Magic:  2/7        EV: 13    Int: 18    God:    Sif Muna [......]
Gold:   134        SH:  0    Dex: 12    Spells: 3/7 levels left

rFire    . . .     SeeInvis .   a - +0 dagger
rCold    . . .     Gourm    .   (no shield)
rNeg     . . .     Faith    .   (helmet restricted)
rPois    .         Spirit   .   (no amulet)
rElec    .         Reflect  .   (no ring)
rCorr    .         Harm     .   (no ring)
MR       .....                  (no ring)
Stlth    +++.......             (no ring)
HPRegen  0.07/turn              (no ring)
MPRegen  0.10/turn              (no ring)
                                (no ring)
                                (no ring)

@: brilliant, lethally poisoned (0 -> -3)
A: almost no armour, stealthy swim, amphibious, 8 rings, constrict 8, camouflage
1, gelatinous body 1
a: Renounce Religion


You were on level 2 of the Dungeon.
You worshipped Sif Muna.
Sif Muna was noncommittal.
You were not hungry.

You visited 1 branch of the dungeon, and saw 2 of its levels.

You collected 134 gold pieces.

Inventory:

Hand Weapons
 a - a +0 dagger (weapon)
Scrolls
 c - a scroll of random uselessness {unknown}
 d - 5 scrolls of identify {unknown}
 e - 4 scrolls of remove curse {unknown}
Comestibles
 b - 4 rations
 f - a chunk of flesh


   Skills:
 - Level 2.0 Dodging
 - Level 2.6 Stealth
 + Level 2.9 Spellcasting
 - Level 1.0 Transmutations
 - Level 5.0 Poison Magic


You had 3 spell levels left.
You knew the following spells:

 Your Spells              Type           Power        Failure   Level  Hunger
a - Sting                 Tmut/Pois      ###.         4%          1    None
b - Mephitic Cloud        Conj/Pois/Air  ##......     26%         3    None

Your spell library contained the following spells:

 Spells                   Type           Power        Failure   Level  Hunger
 Poisonous Vapours        Pois/Air       ###...       9%          2    None
 Ignite Poison            Fire/Tmut/Pois ##......     22%         3    None
 Olgreb's Toxic Radiance  Pois           ####....     22%         4    None


Dungeon Overview and Level Annotations

Branches:
Dungeon (2/15)

Altars:
Sif Muna


Innate Abilities, Weirdness & Mutations

You cannot wear most types of armour.
You are very stealthy in the water. (Stealth+)
You are amphibious.
You can wear up to eight rings at the same time.
You can use your tentacles to constrict eight enemies at once.
Your skin changes colour to match your surroundings (Stealth+).
Your rubbery body absorbs attacks. (AC +1, EV +1)


Message History

Press: ? - help, Shift-Dir - straight line, f/p - adder
Aim: an adder (heavily wounded, poisoned)
The sting hits the adder.
The adder looks even sicker.
The adder is severely wounded.
The adder closely misses you.
It was a potion of brilliance.
You feel clever all of a sudden. The adder bites you.
* * * LOW HITPOINT WARNING * * *
The adder closely misses you.
Casting: Sting (safe; 4% risk of failure)
Confirm with . or Enter, or press ? or * to list all spells.
Aiming: Sting (safe; 4% risk of failure)
Press: ? - help, Shift-Dir - straight line, f/p - adder
Aim: an adder (heavily wounded, very poisoned)
You feel a surge of power!
The sting hits the adder.
The adder looks even sicker.
The adder is almost dead.
The adder bites you.
You die...

##..........#
#............#
##.............#
##...............#
#....#.#.....>....
#...##..........รท.
###...###...........
#.###..S.# #....[......
#.?....@.# #...........
#...#.#..# #...........
#.......#.## #...........
#......##.# ##..........
#......##># #..........
#......##.# #..........
#......##.# #####.....#.##
#......##.###.......#.#.##
#......##......####.#.....


You could see an adder (very poisoned).

Vanquished Creatures
  A gnoll (D:1)
  An adder (D:2)
  An ooze (D:2)
  6 bats
  2 giant cockroaches (D:2)
  6 hobgoblins
  5 jackals (D:1)
  2 kobolds (D:1)
  A frilled lizard (D:1)
  3 goblins
  A jackal skeleton (D:2)
  4 rats
33 creatures vanquished.

Notes
Turn   | Place    | Note
-------+----------+-------------------------------------------
     0 | D:1      | Atelerd the Octopode Venom Mage began the quest for the
                  | Orb.
     0 | D:1      | Reached XP level 1. HP: 11/11 MP: 3/3
   525 | D:1      | Reached skill level 4 in Poison Magic
   569 | D:1      | Reached XP level 2. HP: 17/17 MP: 5/5
  1525 | D:1      | Reached XP level 3. HP: 12/21 MP: 3/6
  1530 | D:1      | Learned a level 3 spell: Mephitic Cloud
  1884 | D:2      | Found a shimmering blue altar of Sif Muna.
  1957 | D:2      | Became a worshipper of Sif Muna the Loreminder
  2107 | D:2      | Found a faded altar of an unknown god.
  2236 | D:2      | Reached skill level 5 in Poison Magic
  2589 | D:2      | HP: 1/21 [adder (4)]
  2590 | D:2      | Slain by an adder

Illustrated notes

Levels and vault maps discovered:
D:1:      dpeg_arrival_chambers_temple_mockup, layout_loops_cross, st_stairs_4
D:2:      layout_rooms, lemuel_blue_sif_altar, first_ration,
          chequers_ecumenical_altar_simple_redux

Skill      XL: |  1  2  3 |
---------------+----------+-----
Poison Magic   | 4 5 |  5.0
Dodging        | |  2.0
Stealth        | |  2.6
Spellcasting   | |  2.9
Transmutations | |  1.0

Action                   || total
-------------------------++-------
Melee: Unarmed           ||    35
       Constrict         ||    22
       Tentacles         ||    13
       Dagger            ||    39
 Cast: Sting             ||    29
  Use: Potion            ||     1
 Stab: Sleeping          ||     4
  Eat: Chunk             ||     2
       Ration            ||     1
Armor: Skin              ||     5
Dodge: Dodged            ||    86
